Map: Nightscape CE

Players

Ekelpack

  • Race: Zerg Zerg
  • Spawn Location: 7:00

Nyck

  • Race: Terran Terran
  • League: Silver
  • Spawn Location: 7:00

rusRAMETS - Winner!

  • Race: Protoss Protoss
  • League: Gold
  • Spawn Location: 1:00

rusGRAF - Winner!

  • Race: Terran Terran
  • Spawn Location: 1:00

VOD

Have the link to the VOD?

Description

Time

  • Played on: Oct. 23, 2024, 1:48 p.m.
  • Length: 16:44
Show
View Real Time Build Order
Export as new Build Order

Ekelpack Zerg 

Build Orders: Hatch First 

Get SALT Encoding   

  12  0:00  Drone  
  13  0:12  Overlord  
  13  0:17  Drone  
  14  0:31  Drone  
  15  0:49  Hatchery  
  14  0:50  Drone  
  14  0:53  Drone  
  16  1:07  Spawning Pool  
  16  1:10  Drone  
  16  1:13  Extractor  
  16  1:17  Drone  
  16  1:20  Drone  
  16  1:23  Drone  
  18  1:36  Drone  
  19  1:46  Drone  
  20  1:54  Queen  
  20  1:56  Overlord  
  22  2:03  Queen  
  22  2:07  Drone  
  25  2:11  Drone  
  26  2:20  Drone  
  26  2:22  Drone  
  28  2:28  Drone  
  29  2:31  Lair  
  29  2:34  Drone  
  29  2:36  Drone  
  31  2:45  Drone  
  31  2:50  Drone x2, Extractor  
  33  2:54  Extractor  
  33  2:57  Drone  
  33  2:59  Overlord  
  33  3:16  Drone x2  
  33  3:18  Zergling x2  
  37  3:20  Drone x4  
  40  3:30  Drone  
  41  3:36  Queen, Spire  
  41  3:39  Metabolic Boost  
  41  3:40  Overlord  
  42  3:44  Drone  
  42  3:47  Extractor  
  42  3:57  Drone  
  42  4:00  Drone x2  
  42  4:02  Overlord  
  45  4:10  Zergling x6  
  48  4:21  Drone  
  48  4:22  Overlord  
  49  4:51  Mutalisk x6  
  49  4:52  Mutalisk x3  
  67  4:53  Overlord  
  67  4:55  Zerg Flyer Weapons Level 1  
  67  5:07  Hatchery  
  66  5:17  Overlord x2  
  66  5:38  Mutalisk  
  66  5:39  Mutalisk x4  
  66  5:40  Zergling x6  
  77  6:03  Zergling x6  
  77  6:04  Zergling x8  
  83  6:05  Overlord x2  
  84  6:21  Drone x4  
  84  6:22  Evolution Chamber  
  87  6:25  Evolution Chamber  
  87  6:27  Hydralisk Den  
  87  6:28  Drone x3  
  88  6:45  Pneumatized Carapace  
  88  6:46  Zergling x2  
  88  6:47  Zergling x8  
  91  6:50  Zerg Missile Weapons Level 1  
  91  6:51  Zerg Ground Armor Level 1  
  93  6:56  Hydralisk x3  
  93  6:57  Hydralisk  
  93  7:00  Extractor  
  100  7:01  Drone  
  99  7:18  Grooved Spines  
  99  7:21  Overlord  
  99  7:23  Drone  
  100  7:40  Drone x3  
  100  7:42  Hydralisk  
  100  7:43  Hydralisk x4  
  113  8:06  Overlord x2  
  111  8:19  Hydralisk  
  107  8:20  Hydralisk x2  
  107  8:21  Overlord x2  
  107  8:23  Drone, Overlord  
  110  8:36  Hydralisk x7  
  110  8:37  Hydralisk  
  126  8:45  Zerg Missile Weapons Level 2, Zerg Ground Armor Level 2  
  126  8:50  Muscular Augments  
  126  9:00  Extractor  
  125  9:16  Drone x3  
  128  9:27  Overlord x2, Hydralisk  
  128  9:28  Hydralisk x6  
  128  9:29  Hydralisk x2  
  135  9:54  Hydralisk x5  
  135  9:55  Hydralisk x4  
  89  10:34  Hydralisk x5  
  89  10:35  Hydralisk x6  
  101  10:52  Hydralisk x5  
  111  11:10  Infestation Pit  
  110  11:23  Hydralisk x5  
  110  11:24  Hydralisk x5  
  130  11:28  Drone  
  131  11:42  Infestation Pit  
  96  12:06  Hydralisk x4  
  104  12:16  Hydralisk x2  
  104  12:17  Hydralisk x6  
  104  12:18  Hydralisk x3  
  126  12:28  Hive  
  126  13:05  Hydralisk x6  
  130  13:06  Hydralisk x6  
  110  14:04  Hydralisk x6  
  110  14:05  Hydralisk x7  
  110  14:06  Hydralisk x4  
  144  14:44  Drone  
  144  14:45  Overlord x2  
  145  14:53  Hatchery  
  144  15:17  Hydralisk x3  
  144  15:18  Hydralisk x6  
Show
View Real Time Build Order
Export as new Build Order

Nyck Terran 

Build Orders:  

Get SALT Encoding   

  12  0:00  SCV  
  13  0:12  SCV  
  14  0:17  Supply Depot  
  14  0:33  SCV  
  15  0:41  Barracks  
  15  0:45  SCV  
  16  0:57  Refinery  
  16  0:58  SCV  
  17  1:05  Barracks  
  17  1:10  SCV  
  18  1:14  Refinery  
  18  1:20  Supply Depot  
  18  1:23  SCV  
  19  1:35  Orbital Command  
  19  1:40  Reaper  
  20  1:57  Engineering Bay  
  20  1:58  Reaper  
  21  2:01  SCV  
  22  2:13  Barracks Reactor  
  22  2:15  SCV  
  23  2:23  Terran Infantry Weapons Level 1  
  23  2:27  SCV  
  24  2:31  Barracks Tech Lab  
  24  2:39  SCV  
  25  2:49  Reaper  
  25  2:50  Reaper  
  27  2:55  SCV  
  27  2:57  Command Center  
  28  3:04  Combat Shield  
  28  3:09  Marine  
  29  3:18  SCV  
  30  3:31  SCV  
  31  3:37  Supply Depot  
  31  3:45  Supply Depot  
  31  3:59  SCV, Marine x3  
  35  4:11  SCV  
  35  4:16  Orbital Command, Marine x3  
  37  4:17  Terran Infantry Armor Level 1  
  37  4:23  SCV, Stimpack  
  38  4:32  Barracks  
  38  4:35  Factory  
  38  4:41  SCV  
  38  4:42  Marine x3, Engineering Bay  
  42  4:52  SCV  
  43  4:53  SCV  
  43  4:55  Refinery  
  43  4:58  Refinery  
  44  5:01  Marine x3  
  44  5:04  SCV  
  44  5:05  SCV  
  47  5:16  SCV  
  47  5:18  SCV  
  49  5:23  Marine x3  
  52  5:28  SCV  
  52  5:30  SCV  
  54  5:36  Factory Reactor  
  54  5:41  Barracks  
  54  5:43  Barracks  
  54  5:44  Barracks Reactor  
  54  5:48  Starport  
  54  5:52  Armory  
  54  5:53  SCV  
  54  5:54  SCV  
  56  6:05  SCV  
  56  6:06  SCV  
  58  6:17  Command Center  
  58  6:18  SCV x2  
  60  6:30  Factory Tech Lab  
  60  6:33  Barracks Reactor  
  60  6:34  Barracks Reactor  
  60  6:39  Supply Depot  
  60  6:42  Missile Turret  
  60  6:43  Terran Vehicle And Ship Armor Level 1, Terran Infantry Armor Level 2, Terran Infantry Weapons Level 2  
  60  6:49  Missile Turret  
  60  6:50  SCV x2  
  62  6:59  Command Center  
  62  7:04  SCV x2  
  62  7:05  Marine x2  
  62  7:06  Marine  
  67  7:09  Missile Turret  
  67  7:10  Marine x3  
  70  7:21  Supply Depot  
  70  7:28  SCV x2, Marine, Medivac x2  
  77  7:33  Orbital Command  
  77  7:41  SCV x2  
  79  7:45  Supply Depot  
  79  7:50  Marine  
  79  7:51  Marine x7  
  80  7:53  SCV x2  
  89  7:58  Medivac  
  89  8:03  SCV  
  92  8:07  Supply Depot  
  92  8:10  Orbital Command  
  92  8:15  SCV x2  
  92  8:16  SCV  
  95  8:22  Marine x9  
  104  8:27  SCV x2  
  104  8:28  SCV, Medivac  
  104  8:29  Supply Depot  
  109  8:37  SCV  
  109  8:39  SCV x2, Marine  
  109  8:40  SCV, Marine x8, Terran Vehicle And Ship Armor Level 2  
  122  8:48  Concussive Shells  
  122  8:49  SCV  
  122  8:52  Supply Depot  
  122  8:54  Thor  
  129  8:56  Medivac  
  129  8:57  Marine  
  129  9:00  Terran Infantry Armor Level 3, Terran Infantry Weapons Level 3  
  132  9:07  Marine, Medivac  
  135  9:13  SCV x2  
  135  9:14  SCV x2  
  135  9:15  Supply Depot  
  139  9:20  Refinery  
  139  9:22  Refinery  
  139  9:25  SCV x2, Marine  
  139  9:26  SCV x2, Marine x4  
  148  9:36  Marine x4  
  152  9:38  Supply Depot  
  152  9:43  Marine x4  
  156  10:00  Marine x3  
  156  10:04  Supply Depot  
  159  10:10  Thor  
  110  10:35  Marine x9  
  102  10:43  SCV x4  
  106  10:52  Marine  
  106  10:53  Thor, Marine x8, Medivac x2  
  125  11:10  Marine  
  125  11:11  Marine x8  
  134  11:22  Medivac  
  134  11:23  Medivac  
  138  11:28  Marine x4  
  138  11:29  Marine x5  
  138  11:30  Terran Vehicle And Ship Armor Level 3  
  147  11:33  Supply Depot  
  147  11:35  Thor  
  153  11:46  Marine x7  
  153  11:47  Marine x2  
  162  11:56  Supply Depot  
  161  12:04  Marine x9  
  167  12:18  Thor  
  167  12:19  Supply Depot  
  167  12:21  Marine  
  167  12:22  Marine x8, Medivac x2  
  184  12:39  Marine  
  184  12:40  Marine x8  
  184  12:41  Supply Depot  
  167  12:57  Marine x2  
  167  12:58  Marine x7  
  172  13:01  Thor  
  172  13:03  Supply Depot  
  182  13:09  Medivac x2  
  186  13:15  Marine x5  
  186  13:16  Marine x4  
  195  13:33  Marine x5  
  200  14:07  Terran Vehicle Weapons Level 1  
  197  14:17  Marine x3  
  200  14:28  Refinery  
  200  14:31  Refinery  
  200  14:35  Ghost Academy  
  199  15:26  Command Center  
  199  15:29  Command Center  
Show
View Real Time Build Order
Export as new Build Order

rusRAMETS Protoss - Winner!

Build Orders: Nexus First, Carriers 

Get SALT Encoding   

  12  0:00  Probe (Chrono Boost)  
  13  0:22  Pylon  
  13  0:25  Probe  
  14  0:37  Probe  
  15  0:56  Nexus  
  15  1:04  Probe (Chrono Boost)  
  16  1:11  Assimilator  
  16  1:14  Probe (Chrono Boost)  
  16  1:16  Assimilator  
  17  1:19  Probe  
  18  1:34  Probe  
  18  1:35  Gateway  
  19  1:46  Probe  
  20  1:58  Probe  
  22  2:08  Probe (Chrono Boost)  
  22  2:10  Probe (Chrono Boost)  
  23  2:19  Probe (Chrono Boost)  
  23  2:20  Probe (Chrono Boost)  
  25  2:24  Probe (Chrono Boost)  
  25  2:25  Probe (Chrono Boost)  
  27  2:34  Probe  
  29  2:37  Probe  
  29  2:46  Cybernetics Core, Probe  
  29  2:48  Pylon x2  
  29  2:49  Probe  
  31  2:52  Assimilator  
  31  2:56  Assimilator  
  32  2:58  Probe  
  32  3:01  Probe  
  33  3:07  Forge  
  33  3:10  Probe  
  34  3:13  Probe  
  35  3:22  Probe  
  35  3:25  Probe  
  37  3:28  Stargate  
  37  3:30  Stargate  
  37  3:34  Probe  
  37  3:36  Stargate  
  37  3:37  Probe  
  39  3:44  Protoss Shields Level 1  
  39  3:48  Probe (Chrono Boost)  
  39  3:51  Protoss Air Weapons Level 1 (Chrono Boost)  
  40  3:58  Probe (Chrono Boost)  
  41  4:07  Nexus  
  45  4:19  Pylon  
  49  4:27  Void Ray (Chrono Boost)  
  49  4:29  Void Ray (Chrono Boost)  
  49  4:35  Void Ray (Chrono Boost)  
  53  4:42  Probe x2  
  55  4:46  Photon Cannon  
  55  4:49  Shield Battery  
  55  4:54  Probe  
  55  4:55  Photon Cannon  
  56  5:04  Fleet Beacon  
  56  5:26  Probe x3  
  59  5:38  Assimilator, Pylon, Probe x3  
  59  5:42  Pylon  
  62  5:43  Assimilator  
  62  5:49  Protoss Air Armor Level 1 (Chrono Boost)  
  59  5:50  Probe x3  
  60  6:02  Probe x3  
  63  6:04  Flux Vanes  
  75  6:12  Void Ray x3, Photon Cannon  
  75  6:14  Probe x2, Photon Cannon  
  75  6:15  Probe  
  78  6:19  Photon Cannon  
  78  6:24  Pylon  
  78  6:26  Probe  
  78  6:27  Probe x2  
  78  6:28  Pylon  
  78  6:32  Photon Cannon  
  81  6:36  Pylon  
  81  6:38  Probe  
  83  6:40  Pylon, Probe  
  83  6:49  Shield Battery  
  83  6:50  Probe  
  83  6:51  Probe  
  83  6:52  Probe  
  86  6:56  Tempest x2  
  86  6:58  Tempest  
  101  7:07  Cybernetics Core  
  101  7:10  Twilight Council  
  101  7:15  Pylon  
  101  7:45  Stargate x2  
  101  7:46  Stargate  
  101  7:51  Protoss Shields Level 2  
  101  7:54  Nexus  
  101  7:56  Assimilator  
  101  8:01  Assimilator  
  101  8:04  Protoss Air Weapons Level 2  
  101  8:06  Protoss Air Armor Level 2  
  101  8:07  Pylon  
  101  8:10  Pylon  
  101  8:14  Pylon  
  101  8:17  Pylon  
  101  8:19  Pylon  
  101  8:20  Carrier x2  
  113  8:42  Unknown  
  113  8:55  Photon Cannon  
  113  8:57  Photon Cannon  
  113  8:59  Photon Cannon  
  113  9:01  Photon Cannon  
  113  9:03  Photon Cannon  
  113  9:05  Photon Cannon  
  113  9:07  Photon Cannon  
  113  9:10  Tempest, Carrier  
  113  9:11  Shield Battery  
  113  9:13  Shield Battery  
  113  9:14  Carrier  
  130  9:17  Shield Battery  
  130  9:21  Shield Battery  
  130  9:22  Pylon  
  131  9:24  Pylon, Probe x4  
  131  9:28  Pylon  
  134  9:36  Probe x3  
  137  9:43  Carrier  
  137  9:44  Carrier  
  149  9:56  Probe x2  
  151  10:05  Carrier  
  143  11:02  Probe x4  
  147  11:04  Nexus, Carrier x2  
  147  11:07  Assimilator  
  147  11:11  Assimilator  
  159  11:13  Pylon  
  159  11:14  Probe  
  159  11:16  Pylon  
  160  11:21  Pylon  
  160  11:25  Pylon  
  160  11:26  Carrier  
  160  11:27  Protoss Shields Level 3  
  160  11:29  Robotics Facility, Pylon  
  166  11:42  Anion Pulse-Crystals  
  166  11:49  Protoss Air Armor Level 3 (Chrono Boost), Protoss Air Weapons Level 3 (Chrono Boost)  
  154  12:21  Carrier  
  154  12:22  Carrier x3  
  178  12:31  Photon Cannon  
  178  12:33  Photon Cannon  
  178  12:38  Photon Cannon  
  178  12:40  Photon Cannon  
  141  12:58  Carrier x2  
  149  13:01  Observer  
  150  13:19  Observer  
  151  13:26  Carrier  
  157  13:29  Photon Cannon x2  
  157  13:30  Photon Cannon  
  157  13:35  Photon Cannon  
  119  14:15  Tempest x5  
  122  14:24  Probe  
  122  14:29  Tempest  
  122  14:31  Shield Battery  
  127  14:36  Probe  
  128  14:48  Probe (Chrono Boost)  
  129  14:57  Tempest  
  135  15:00  Probe (Chrono Boost)  
  135  15:07  Probe (Chrono Boost)  
  135  15:08  Carrier  
  142  15:14  Probe  
  143  15:27  Probe  
  138  15:37  Carrier  
  139  15:48  Pylon  
  139  15:49  Pylon  
Show
View Real Time Build Order
Export as new Build Order

rusGRAF Terran - Winner!

Build Orders: Mech 

Get SALT Encoding   

  12  0:00  SCV  
  13  0:12  SCV  
  14  0:25  Supply Depot  
  14  0:26  SCV  
  15  0:46  SCV, Refinery  
  15  0:49  Refinery  
  16  0:55  Barracks  
  16  0:58  SCV  
  17  1:11  SCV  
  18  1:23  SCV  
  19  1:35  SCV  
  20  1:49  Barracks Tech Lab  
  20  1:51  Command Center  
  20  2:04  Factory  
  20  2:08  SCV  
  21  2:18  Marine  
  21  2:20  SCV  
  23  2:32  Orbital Command  
  23  2:50  Barracks Reactor  
  23  2:53  Supply Depot  
  23  3:02  SCV  
  23  3:03  SCV  
  25  3:14  Siege Tank, SCV  
  25  3:18  Starport  
  29  3:23  SCV  
  29  3:27  SCV  
  31  3:38  Barracks Reactor  
  31  3:39  SCV  
  31  3:40  SCV  
  33  3:45  Supply Depot  
  33  3:51  SCV  
  33  3:52  SCV  
  35  3:58  Siege Tank  
  38  4:03  SCV  
  38  4:04  Refinery  
  38  4:05  Viking x2  
  38  4:07  Infernal Pre-Igniter  
  43  4:16  SCV  
  44  4:17  SCV  
  44  4:21  Armory  
  45  4:25  Supply Depot  
  45  4:28  SCV  
  46  4:33  Marine  
  46  4:34  Marine  
  46  4:35  Siege Tank  
  51  4:42  SCV  
  52  4:47  SCV  
  53  4:53  Supply Depot  
  53  4:54  SCV  
  53  4:59  SCV  
  55  5:05  Factory  
  55  5:06  Barracks  
  55  5:09  Engineering Bay  
  55  5:14  Siege Tank  
  58  5:15  Viking  
  58  5:17  Viking  
  58  5:19  SCV  
  63  5:21  SCV  
  63  5:27  Terran Vehicle Weapons Level 1  
  63  5:28  Refinery  
  64  5:32  SCV  
  64  5:33  Marine x2  
  66  6:04  Liberator  
  66  6:07  Orbital Command  
  69  6:19  Supply Depot x2, Command Center  
  69  6:22  Terran Infantry Weapons Level 1  
  69  6:35  Factory Tech Lab  
  69  6:39  Barracks Tech Lab, Factory  
  69  6:40  Liberator  
  69  6:45  Hurricane Engines  
  72  6:51  Hellbat  
  74  6:57  SCV x2  
  76  7:03  Supply Depot  
  76  7:09  SCV x2  
  76  7:11  Liberator  
  76  7:13  Hellbat  
  83  7:18  Siege Tank  
  86  7:25  SCV x2, Liberator  
  86  7:28  Supply Depot  
  91  7:31  Supply Depot  
  91  7:34  Terran Vehicle Weapons Level 2, Hellbat  
  92  7:37  SCV  
  92  7:39  Factory Tech Lab  
  93  7:44  Combat Shield  
  93  7:50  Hellbat  
  95  7:54  Viking  
  95  7:55  Factory  
  95  7:56  Hellbat  
  99  8:00  Refinery  
  99  8:04  Supply Depot  
  99  8:07  Supply Depot  
  99  8:14  Orbital Command  
  99  8:32  Supply Depot  
  99  8:33  Supply Depot, Thor x2  
  111  8:40  SCV  
  112  8:44  SCV x2  
  114  8:52  SCV  
  115  8:56  SCV x2  
  117  9:04  SCV  
  117  9:05  Missile Turret  
  117  9:07  Missile Turret x2  
  117  9:08  SCV x2  
  120  9:16  SCV  
  121  9:19  Refinery  
  121  9:20  SCV  
  121  9:21  SCV  
  121  9:22  Hellbat x3  
  129  9:27  Factory Tech Lab  
  129  9:29  SCV  
  130  9:31  Marine  
  130  9:32  SCV, Marine x2  
  130  9:33  SCV  
  130  9:35  Stimpack  
  135  9:38  Hi-Sec Auto Tracking  
  135  9:43  Supply Depot, Thor x3  
  135  9:44  Supply Depot  
  153  9:48  Factory  
  153  9:49  Marine  
  153  9:50  Marine x2  
  156  10:04  Medivac  
  158  10:07  Marine x3  
  122  10:25  Marine x3  
  121  10:34  Terran Vehicle Weapons Level 3  
  120  10:37  Armory, Terran Infantry Weapons Level 2  
  120  10:39  Factory Tech Lab  
  120  10:43  Siege Tank, Marine  
  120  10:44  Siege Tank  
  127  11:00  Command Center  
  127  11:10  Command Center  
  127  11:13  Supply Depot  
  127  11:15  Supply Depot  
  127  11:19  Siege Tank x5  
  142  11:34  Refinery  
  142  11:42  Supply Depot  
  142  11:43  Supply Depot  
  142  11:44  Refinery  
  142  11:55  Siege Tank  
  142  11:56  Siege Tank x3  
  142  11:58  Siege Tank  
  157  12:13  Supply Depot  
  157  12:17  Supply Depot  
  157  12:22  Factory  
  159  12:23  Marauder  
  159  12:26  Terran Vehicle And Ship Armor Level 1  
  159  12:32  Smart Servos  
  159  12:38  Hellbat x5  
  171  12:44  Planetary Fortress, Marauder  
  171  12:53  Terran Infantry Armor Level 1  
  171  12:56  Missile Turret  
  171  12:58  Missile Turret x2  
  171  12:59  Missile Turret, Hellbat x3  
  171  13:00  Hellbat x2  
  171  13:01  Missile Turret  
  183  13:05  Marauder  
  183  13:14  Sensor Tower  
  183  13:19  Missile Turret  
  183  13:21  Missile Turret, Hellbat x5  
  183  13:25  Refinery  
  183  13:26  Refinery  
  195  13:27  Marauder  
  195  13:29  Planetary Fortress  
  195  13:37  Factory  
  195  13:39  Factory Tech Lab  
  195  13:42  Hellbat  
  195  13:43  Sensor Tower  
  195  13:45  Siege Tank  
  200  14:08  Sensor Tower  
  200  14:09  Factory  
  200  14:11  Factory  
  200  14:12  Factory  
  200  14:16  Starport, Factory  
  199  15:02  Factory Tech Lab  
  199  15:03  Factory Tech Lab x4  
  199  15:20  Starport Tech Lab  
  199  15:37  SCV  
  200  15:49  Orbital Command  
  200  15:53  Concussive Shells  
Tags
 
Add a new tag
Caveats
  • Supply blocks, unpowered buildings, or Contaminate may cause inaccurate times.
  • Supply counts are checked every 10 seconds.